cohdb
Replays
Latest Replays
All Replays
Popular Replays
Top Player Replays
Match Explorer
How It Works
Community
CoH3 Stats
Reddit
Sign in to upload your games and track your stats! →
Sign in with Steam
Match 40946240
Unlisted
Match 40946240
Overview
Messages
Build Orders
End
Selects Battlefield Espionage Battlegroup
Panzergrenadier Squad
250 Light Carrier
Panzergrenadier Squad
Construct Light Support Kompanie
Selects Intel Disruption Beacon
MG34 Team
Selects 250/3 Funkpanzerwagen
Construct Mechanized Kompanie
Fire Support Elements
2.5-tonne Medical Truck
Assault Mechanized Group
Flakvierling Half-track
Pak 38 Anti-tank Gun Team
Selects Advanced Ambush Training
2.5-tonne Medical Truck
Veteran Squad Leaders
Selects Plunder
Vehicle Survival Package
Construct Panzerarmee Kommand
Panzergrenadier Squad
Armored Reserves
Selects Firestorm
Firestorm
Pak 38 Anti-tank Gun Team
StuG Assault Group
Firestorm
Firestorm
Emergency Repair Kits
Firestorm
Panzergrenadier Squad
Firestorm
Tiger Heavy Tank
Firestorm
Selects Operation Skorpion
Operation Skorpion
Firestorm
Firestorm
Firestorm
Tiger Heavy Tank
ErikaWani
Maschinengewehr42
Kernstorm
HolyMolyEmpire
kampfer
Sajet
Exf
Gravey
0
0
Comments
sign in to comment!
No comments posted yet!